[Event "Titled Tuesday Blitz July 6 2021"]
[White "Kim, Sergey"]
[Black "Petriashvili, Nikoloz"]
[WhiteFideId "13700570"]
[BlackFideId "13611216"]
[WhiteElo "2443"]
[BlackElo "2430"]
[Result "1/2-1/2"]
[Round "02"]
[TimeControl "180+1"]
[Date "2021.07.06"]
[WhiteClock "0:01:39"]
[BlackClock "0:01:28"]

1. d4 Nf6 2. c4 g6 3. Nc3 d5 4. cxd5 Nxd5 5. e4 Nxc3 6. bxc3 Bg7 7. Bc4 c5 8. Ne2 O-O 9. O-O Nc6 10. Be3 e6 11. Qd2 Qa5 12. Qb2 b6 13. Rfd1 cxd4 14. cxd4 Bb7 15. Rac1 Rfd8 16. Qb3 Qh5 17. Ng3 Qh4 18. Bxe6 fxe6 19. Qxe6+ Kh8 20. Rxc6 Re8 21. Qd6 Rad8 22. Qc7 Bxc6 23. Qxc6 Be5 24. Rc1 Bxg3 25. hxg3 1/2-1/2


[Site "https://www.chess.com"]

[Event "Titled Tuesday Blitz July 6 2021"]
[White "Kobo, Ori"]
[Black "Makhmudov, Shukhrat"]
[WhiteFideId "2812320"]
[BlackFideId "14200775"]
[WhiteElo "2431"]
[BlackElo "2135"]
[Result "1-0"]
[Round "02"]
[TimeControl "180+1"]
[Date "2021.07.06"]
[WhiteClock "0:01:01"]
[BlackClock "0:00:27"]

1. e4 e5 2. Nf3 Nc6 3. d4 exd4 4. Nxd4 Nf6 5. Nxc6 bxc6 6. e5 Qe7 7. Qe2 Nd5 8. g3 Qe6 9. Bg2 h5 10. O-O h4 11. c4 Nb6 12. b3 hxg3 13. hxg3 Bc5 14. Nd2 Bd4 15. Rb1 Bb7 16. Bb2 Qh6 17. Rfd1 Qh2+ 18. Kf1 c5 19. Bxb7 c6 20. Qf3 Rb8 21. Bxd4 cxd4 22. Ba6 c5 23. Ke2 Qh7 24. Rh1 1-0


[Site "https://www.chess.com"]

[Event "Titled Tuesday Blitz July 6 2021"]
[White "Koelle, Tobias"]
[Black "Arutinian, David"]
[WhiteFideId "16207378"]
[BlackFideId "13601741"]
[WhiteElo "2364"]
[BlackElo "2525"]
[Result "1-0"]
[Round "02"]
[TimeControl "180+1"]
[Date "2021.07.06"]
[WhiteClock "0:00:03"]
[BlackClock "0:00:17"]

1. c4 e5 2. Nc3 Nf6 3. Nf3 Nc6 4. e4 d6 5. d4 Bg4 6. d5 Nd4 7. Qa4+ Bd7 8. Qd1 Bg4 9. Qa4+ Bd7 10. Qd1 Nxf3+ 11. Qxf3 g6 12. h3 Bg7 13. g4 O-O 14. Qg2 c6 15. Be3 cxd5 16. cxd5 Qa5 17. Be2 Rfc8 18. O-O b5 19. a3 b4 20. axb4 Qxb4 21. Rfb1 a5 22. g5 Ne8 23. h4 a4 24. Bd2 Nc7 25. Qf1 Qd4 26. Be3 Qb4 27. Bd2 f5 28. gxf6 Bxf6 29. h5 gxh5 30. Ra3 Kh8 31. Kh1 Rg8 32. Qe1 Rg7 33. Bxh5 Rag8 34. Nb5 Qxb5 35. Bh6 Rg6 36. Bxg6 Rxg6 37. Qc1 Ne8 38. Rg3 Rxg3 39. fxg3 Qd3 40. Qe1 Bg4 41. Kg1 Bf3 42. Rc1 Bxe4 43. Rc8 Bg6 44. Qf2 Qd1+ 45. Kh2 Qh5+ 46. Kg1 Qxh6 47. Qxf6+ Qg7 48. Qe6 Qf8 49. Ra8 Bf7 50. Qd7 Kg8 51. Rxa4 Bxd5 52. Ra5 Bf7 53. Ra7 h6 54. b4 Kg7 55. b5 Nf6 56. Qc7 Qe8 57. b6 e4 58. b7 e3 59. b8=Q e2 60. Qxe8 Nd7 61. Qcxd7 e1=Q+ 62. Qxe1 1-0


[Site "https://www.chess.com"]

[Event "Titled Tuesday Blitz July 6 2021"]
[White "Komov, Roman"]
[Black "Potapova, Margarita"]
[WhiteFideId "24175714"]
[BlackFideId "14126869"]
[WhiteElo "2252"]
[BlackElo "2229"]
[Result "0-1"]
[Round "02"]
[TimeControl "180+1"]
[Date "2021.07.06"]
[WhiteClock "0:00:44"]
[BlackClock "0:00:43"]

1. Nf3 Nf6 2. g3 b6 3. Bg2 Bb7 4. O-O g6 5. c4 Bg7 6. Nc3 O-O 7. d3 c5 8. Bd2 Nc6 9. a3 Nd4 10. Nxd4 Bxg2 11. Kxg2 cxd4 12. Nb5 d5 13. a4 dxc4 14. dxc4 Rc8 15. b3 a6 16. Na3 Ne4 17. Rc1 Qd7 18. Nc2 Nc5 19. Ne1 Rfd8 20. Nd3 e5 21. Nxc5 bxc5 22. b4 cxb4 23. Bxb4 Qb7+ 24. Kg1 Qxb4 25. Qd3 Qxa4 26. c5 Qc6 27. f3 f5 28. Rc2 Qb5 29. Qa3 d3 30. exd3 Rxd3 31. Qa2+ Qb3 32. Qxa6 Rdd8 33. Rff2 e4 34. Kg2 exf3+ 35. Kh3 g5 0-1


[Site "https://www.chess.com"]

[Event "Titled Tuesday Blitz July 6 2021"]
[White "Kukhmazov, Arsen"]
[Black "Prraneeth Vuppala"]
[WhiteFideId "24108260"]
[BlackFideId "46622373"]
[WhiteElo "2453"]
[BlackElo "1759"]
[Result "1-0"]
[Round "02"]
[TimeControl "180+1"]
[Date "2021.07.06"]
[WhiteClock "0:01:29"]
[BlackClock "0:00:15"]

1. d4 Nf6 2. c4 g6 3. g3 c6 4. Bg2 d5 5. e3 Bg7 6. Ne2 O-O 7. O-O Bf5 8. Qb3 Qb6 9. Nbc3 dxc4 10. Qxc4 Nbd7 11. e4 Be6 12. Qa4 Rfd8 13. Nf4 Nf8 14. Rd1 Bg4 15. f3 Bd7 16. Nfe2 c5 17. Qb3 Qxb3 18. axb3 cxd4 19. Nxd4 Ne6 20. Be3 Nxd4 21. Bxd4 a6 22. Bb6 Rdc8 23. e5 Be6 24. exf6 Bxf6 25. Nd5 Bxb2 26. Nxe7+ Kg7 27. Nxc8 Bxa1 28. Rxa1 Rxc8 29. f4 Bxb3 30. Bxb7 Rc2 31. Bd4+ Kh6 32. g4 Bc4 33. Ra3 g5 34. Rh3+ Kg6 35. f5# 1-0


[Site "https://www.chess.com"]

[Event "Titled Tuesday Blitz July 6 2021"]
[White "LEGENYA1998"]
[Black "Noritsyn, Nikolay"]
[BlackFideId "2604922"]
[WhiteElo "2455"]
[BlackElo "2527"]
[Result "1/2-1/2"]
[Round "02"]
[TimeControl "180+1"]
[Date "2021.07.06"]
[WhiteClock "0:01:43"]
[BlackClock "0:00:38"]

1. e4 e5 2. Nf3 d6 3. d4 exd4 4. Nxd4 Nf6 5. Nc3 Be7 6. g3 Nc6 7. Bg2 Nxd4 8. Qxd4 O-O 9. h3 c6 10. O-O Qb6 11. Qxb6 axb6 12. a4 b5 13. b3 Nd7 14. Bd2 bxa4 15. Rxa4 Rxa4 16. bxa4 Ne5 17. Rb1 Bf6 18. Ne2 Re8 19. Rd1 Kf8 20. Bb4 c5 21. Bc3 Ke7 22. f4 Nd7 23. Bxf6+ Nxf6 24. Nc3 h5 25. Rb1 Kd7 26. Rd1 Ke7 27. Rb1 Kd7 28. Rd1 Ke7 1/2-1/2


[Site "https://www.chess.com"]

[Event "Titled Tuesday Blitz July 6 2021"]
[White "Lee, Qing Aun"]
[Black "Rostovtsev, Dmitry"]
[WhiteFideId "5804167"]
[BlackFideId "34278320"]
[WhiteElo "2023"]
[BlackElo "2114"]
[Result "0-1"]
[Round "02"]
[TimeControl "180+1"]
[Date "2021.07.06"]
[WhiteClock "0:00:01"]
[BlackClock "0:00:13"]

1. e4 c5 2. Nf3 d6 3. d4 cxd4 4. Nxd4 Nf6 5. Nc3 Nc6 6. Bg5 e6 7. Qd2 a6 8. f4 Bd7 9. O-O-O Be7 10. Be2 b5 11. Nxc6 Bxc6 12. Bf3 b4 13. Bxf6 gxf6 14. Ne2 a5 15. f5 Rc8 16. fxe6 fxe6 17. Nd4 Kd7 18. Kb1 Rg8 19. Rhe1 e5 20. Nxc6 Rxc6 21. Qd5 Qa8 22. Be2 Kc7 23. Bb5 Rc5 24. Qe6 Rg7 25. Qd7+ Kb6 26. Ba4 Qb7 27. Rxd6+ Bxd6 28. Qxd6+ Rc6 29. Bxc6 Qxc6 30. Qd8+ Rc7 31. Re2 Kb7 32. Qd1 Rd7 33. Qe1 Rd4 34. b3 Qd7 35. Kb2 a4 36. bxa4 Qxa4 37. Re3 Qc6 38. Rb3 Qxe4 39. Qxe4+ Rxe4 40. a3 Kc6 41. Rxb4 Re2 42. Rg4 f5 43. Rg5 f4 44. Kc3 Kd5 45. a4 Re3+ 46. Kb4 Re1 47. c4+ Kd4 48. a5 Rb1+ 49. Ka3 e4 50. Ka2 Rb4 51. Ka3 Rb1 0-1


[Site "https://www.chess.com"]

[Event "Titled Tuesday Blitz July 6 2021"]
[White "Leitao, Rafael"]
[Black "Sukandar, Irine Kharisma"]
[WhiteFideId "2101246"]
[BlackFideId "7101937"]
[WhiteElo "2609"]
[BlackElo "2313"]
[Result "1-0"]
[Round "02"]
[TimeControl "180+1"]
[Date "2021.07.06"]
[WhiteClock "0:00:44"]
[BlackClock "0:00:05"]

1. c4 e5 2. Nc3 Nf6 3. Nf3 Nc6 4. e4 Bb4 5. d3 d6 6. a3 Bxc3+ 7. bxc3 h6 8. g3 O-O 9. Bg2 Nh7 10. O-O f5 11. exf5 Bxf5 12. Nh4 Be6 13. Rb1 Rb8 14. Qe2 Ng5 15. f4 exf4 16. gxf4 Nh3+ 17. Kh1 Bd7 18. Qh5 Qe8 19. Bd5+ Kh7 20. Be4+ Kg8 21. Ng6 Ng5 22. Bd5+ Be6 23. Bd2 Rf6 24. fxg5 Rxg6 25. Be4 Rxg5 26. Qxe8+ Rxe8 27. Bxg5 hxg5 28. Rxb7 Ne5 29. Rxc7 Bh3 30. Rg1 g4 31. Rxa7 Rf8 32. Ra8 Rxa8 33. Bxa8 Nxd3 34. Ra1 Nf2+ 35. Kg1 Nd3 36. a4 Nc5 37. a5 Nb3 38. Ra3 Nd2 39. a6 Nxc4 40. Bd5+ 1-0


[Site "https://www.chess.com"]

[Event "Titled Tuesday Blitz July 6 2021"]
[White "Leve, Nitai"]
[Black "Matveev, Vladimir"]
[WhiteFideId "2006898"]
[BlackFideId "24130753"]
[WhiteElo "2144"]
[BlackElo "2354"]
[Result "1-0"]
[Round "02"]
[TimeControl "180+1"]
[Date "2021.07.06"]
[WhiteClock "0:01:25"]
[BlackClock "0:01:44"]

1. e4 c5 2. Nf3 d6 3. d4 cxd4 4. Qxd4 e5 5. Qe3 Nc6 6. h3 f5 7. exf5 Bxf5 8. Bc4 Nf6 9. O-O Bxc2 10. Nc3 Qb6 11. Qe2 Bg6 12. Bg5 Bh5 13. g4 Bf7 14. Bxf7+ Kxf7 15. Qc4+ d5 16. Nxd5 Qc5 17. Ne3+ Qxc4 18. Nxc4 Re8 19. Bh4 h6 20. Bg3 e4 21. Nfe5+ Nxe5 22. Nxe5+ Ke6 23. Ng6 Rg8 24. Rac1 Bb4 25. Rc7 1-0


[Site "https://www.chess.com"]

[Event "Titled Tuesday Blitz July 6 2021"]
[White "Levitskiy, Andrey"]
[Black "Maly, Alexey"]
[WhiteFideId "14132885"]
[BlackFideId "14103184"]
[WhiteElo "2323"]
[BlackElo "2285"]
[Result "1-0"]
[Round "02"]
[TimeControl "180+1"]
[Date "2021.07.06"]
[WhiteClock "0:00:53"]
[BlackClock "0:00:59"]

1. e4 c6 2. d4 d5 3. Nc3 dxe4 4. Nxe4 Bf5 5. Ng3 Bg6 6. h4 h6 7. Nf3 Nd7 8. h5 Bh7 9. Bd3 Bxd3 10. Qxd3 e6 11. Bd2 Ngf6 12. O-O-O Be7 13. Kb1 O-O 14. Ne4 Nxe4 15. Qxe4 Nf6 16. Qe2 Qd5 17. Be3 Ng4 18. Bc1 Rad8 19. Ka1 Bf6 20. Ne1 Bg5 21. Qxg4 Bxc1 22. Rxc1 Qxd4 23. Qxd4 Rxd4 24. Nf3 Rg4 25. g3 Re4 26. Rhe1 Rc4 27. Kb1 Rc5 28. Re5 Rc4 29. Rd1 b6 30. Rd7 a5 31. c3 a4 32. Kc2 Re8 33. Nd4 b5 34. Rc7 Rd8 35. b3 axb3+ 36. axb3 Rdxd4 37. bxc4 Rxc4 38. Kd3 Kf8 39. Re4 Rc5 40. Rd4 Ke8 41. Rdd7 Rf5 42. f4 c5 43. Ke4 b4 44. cxb4 cxb4 45. Re7+ Kf8 46. Rb7 b3 47. Rec7 Kg8 48. Rxb3 Rxh5 49. Rb8+ Kh7 50. Rxf7 1-0


[Site "https://www.chess.com"]

[Event "Titled Tuesday Blitz July 6 2021"]
[White "Ljukin, Sergei"]
[Black "Araujo Sanchez, Josue"]
[WhiteFideId "14102200"]
[BlackFideId "6416896"]
[WhiteElo "2309"]
[BlackElo "2181"]
[Result "1-0"]
[Round "02"]
[TimeControl "180+1"]
[Date "2021.07.06"]
[WhiteClock "0:00:07"]
[BlackClock "0:00:02"]

1. e4 c5 2. Nf3 e6 3. d4 cxd4 4. Nxd4 Nc6 5. Nc3 a6 6. Nxc6 bxc6 7. Bd3 d5 8. O-O Nf6 9. e5 Nd7 10. Re1 a5 11. Qg4 g6 12. b3 Bg7 13. f4 O-O 14. Ba3 f5 15. Qe2 Re8 16. Na4 Rb8 17. Bd6 Ra8 18. c4 g5 19. fxg5 Qxg5 20. Rf1 Ba6 21. Rf3 f4 22. Re1 dxc4 23. bxc4 Ra7 24. Rh3 Nf8 25. Rh5 Qd8 26. Qg4 Rf7 27. Nc5 Bc8 28. Ne4 Ng6 29. Ng5 Qb6+ 30. c5 Qb4 31. Rd1 Rf5 32. Nxh7 Nxe5 33. Bxe5 Qxc5+ 34. Kh1 Qxe5 35. Bxf5 exf5 36. Qh4 Ba6 37. h3 Be2 38. Re1 f3 39. Rg5 Re6 40. Rg3 fxg2+ 41. Rxg2 Qb5 42. Ng5 Re7 43. Qh7+ Kf8 44. Qxf5+ Ke8 45. Qc8# 1-0


[Site "https://www.chess.com"]

[Event "Titled Tuesday Blitz July 6 2021"]
[White "Lobanov, Sergei"]
[Black "Pham, Le Thao Nguyen"]
[WhiteFideId "24183750"]
[BlackFideId "12401226"]
[WhiteElo "2380"]
[BlackElo "2286"]
[Result "0-1"]
[Round "02"]
[TimeControl "180+1"]
[Date "2021.07.06"]
[WhiteClock "0:00:15"]
[BlackClock "0:00:15"]

1. e4 c5 2. Nf3 e6 3. d4 cxd4 4. Nxd4 a6 5. Nc3 Qc7 6. Bd3 b5 7. O-O Bb7 8. Bg5 Nc6 9. Nxc6 dxc6 10. Qh5 Be7 11. Qh4 h6 12. Bxe7 Nxe7 13. f4 c5 14. e5 c4 15. Be4 Nf5 16. Bxf5 exf5 17. Rad1 O-O 18. Rd6 Rfe8 19. Rfd1 Re7 20. h3 Rae8 21. Kh2 Qc5 22. Qg3 Kf8 23. a3 Re6 24. Rd7 Rg6 25. Rxb7 Rxg3 26. Kxg3 Qe3+ 27. Kh2 Qxf4+ 28. Kh1 Qxe5 29. Rdd7 Qg3 30. Rxf7+ Kg8 31. Rfe7 Rxe7 32. Rxe7 Qf2 33. Re2 Qf1+ 34. Kh2 f4 35. Re8+ Kf7 36. Re5 g5 37. Ne4 Qc1 38. b3 Qxc2 39. bxc4 f3 40. Rf5+ Ke6 41. Nc5+ Kxf5 0-1


[Site "https://www.chess.com"]

[Event "Titled Tuesday Blitz July 6 2021"]
[White "Lopez Del Alamo, Antonio"]
[Black "Harutjunyan, Gevorg"]
[WhiteFideId "2227339"]
[BlackFideId "13300873"]
[WhiteElo "2085"]
[BlackElo "2498"]
[Result "0-1"]
[Round "02"]
[TimeControl "180+1"]
[Date "2021.07.06"]
[WhiteClock "0:00:08"]
[BlackClock "0:00:25"]

1. e4 c5 2. Nf3 d6 3. d4 cxd4 4. Nxd4 Nf6 5. Nc3 a6 6. Be2 e5 7. Nb3 Be7 8. Be3 Be6 9. Nd5 Nbd7 10. Qd3 Bxd5 11. exd5 b5 12. a4 O-O 13. axb5 axb5 14. Rxa8 Qxa8 15. Qxb5 Rb8 16. Qc6 Qa2 17. Bc1 Nb6 18. O-O Nbxd5 19. Rd1 Nb4 20. Qc7 Re8 21. Bb5 Nbd5 22. Qb7 Qa8 23. Qxa8 Rxa8 24. Bc6 Rc8 25. Bxd5 Nxd5 26. Rxd5 Rxc2 27. Rd2 Rc4 28. Rd1 f5 29. f3 Kf7 30. Be3 Rb4 31. Rd3 Ke6 32. Kf1 Bf6 33. Ke2 e4 34. fxe4 fxe4 35. Nd4+ Kd5 36. Rb3 Rxb3 37. Nxb3 Bxb2 38. h3 Ke5 39. g3 Kd5 40. Bf4 Bf6 41. Ke3 Bd8 42. h4 Bb6+ 43. Ke2 Kc4 44. Nd2+ Kd5 45. Nf1 Ke6 46. Be3 Bc7 47. Bd4 d5 48. Ke3 g6 49. g4 h6 50. Nd2 g5 51. h5 Bf4+ 52. Ke2 Be5 53. Bxe5 Kxe5 54. Ke3 d4+ 55. Ke2 Kf4 56. Nc4 Kxg4 57. Nd6 Kf4 58. Nf7 g4 59. Nxh6 d3+ 60. Ke1 g3 61. Ng8 g2 62. Kf2 d2 63. h6 g1=Q+ 64. Kxg1 d1=Q+ 65. Kh2 Qh5+ 66. Kg2 Qg6+ 67. Kf2 Qxg8 0-1


[Site "https://www.chess.com"]

[Event "Titled Tuesday Blitz July 6 2021"]
[White "Lopez Gracia, Fernando"]
[Black "Mohammad Fahad, Rahman"]
[WhiteFideId "2207184"]
[BlackFideId "10207791"]
[WhiteElo "2363"]
[BlackElo "2323"]
[Result "1-0"]
[Round "02"]
[TimeControl "180+1"]
[Date "2021.07.06"]
[WhiteClock "0:00:36"]
[BlackClock "0:00:02"]

1. e4 e5 2. Nf3 Nc6 3. Nc3 Nf6 4. d4 exd4 5. Nxd4 Bb4 6. Nxc6 bxc6 7. Bd3 O-O 8. O-O Re8 9. Bg5 h6 10. Bh4 Rb8 11. f4 d6 12. Rb1 Bc5+ 13. Kh1 Bd4 14. Ne2 Bxb2 15. c3 Bg4 16. Qc2 Ba3 17. Rxb8 Qxb8 18. Bxf6 gxf6 19. Ng3 Qb2 20. h3 Qxc2 21. Bxc2 Be6 22. Nh5 Rb8 23. Nxf6+ Kg7 24. e5 Rb2 25. Ba4 dxe5 26. fxe5 c5 27. Rf3 Kg6 28. Bc6 Kg5 29. Kh2 Rxa2 30. Kg3 h5 31. h4+ Kh6 32. Ne8 Bb2 33. Rf6+ Kh7 34. Be4+ Kg8 35. Rh6 f5 36. exf6 Bxc3 37. Rxh5 Kf7 38. Nxc7 Be5+ 39. Rxe5 Ra3+ 40. Bf3 Bb3 41. Rxc5 Kxf6 42. Nb5 Ra1 43. Nd4 a6 44. Nxb3 Ra3 45. Nd2 Rd3 46. Ne4+ Ke7 47. Ra5 Rd6 48. Nxd6 Kxd6 1-0


[Site "https://www.chess.com"]

[Event "Titled Tuesday Blitz July 6 2021"]
[White "Mahajan, Rushaan"]
[Black "Lana Rodriguez, David"]
[WhiteFideId "30934222"]
[BlackFideId "2270803"]
[WhiteElo "1897"]
[BlackElo "2401"]
[Result "0-1"]
[Round "02"]
[TimeControl "180+1"]
[Date "2021.07.06"]
[WhiteClock "0:00:02"]
[BlackClock "0:01:21"]

1. Nf3 e6 2. g3 Nf6 3. Bg2 d5 4. c4 Be7 5. d4 O-O 6. Nc3 dxc4 7. Ne5 c5 8. dxc5 Qxd1+ 9. Nxd1 Bxc5 10. Nxc4 Nc6 11. Be3 Nd4 12. Rc1 Nd5 13. Bd2 b6 14. Nde3 Bb7 15. Nxd5 Bxd5 16. Bxd5 exd5 17. Ne3 Rfd8 18. Nc2 Nxc2+ 19. Rxc2 Rac8 20. e3 Bxe3 21. Rxc8 Bxd2+ 22. Kxd2 Rxc8 23. Re1 Kf8 24. Re5 Rc5 25. b4 Rc4 26. a3 Rd4+ 27. Kc2 f6 28. Re3 Kf7 29. b5 Rc4+ 30. Kb3 Re4 31. Rc3 d4 32. Rd3 Ke6 33. Kc4 Ke5 34. f4+ Ke6 35. Rxd4 Re2 36. Rd8 Rc2+ 37. Kb3 Rc7 38. Rh8 h6 39. g4 Kd5 40. Re8 Kc5 41. a4 Kd4 42. Rd8+ Ke4 43. f5 Kf4 44. Rd4+ Kf3 45. h4 Re7 46. h5 Re3+ 47. Kb4 Re4 0-1


[Site "https://www.chess.com"]

[Event "Titled Tuesday Blitz July 6 2021"]
[White "Makhnev, Denis"]
[Black "Shevtchenko, Olesya"]
[WhiteFideId "13707647"]
[BlackFideId "24131890"]
[WhiteElo "2537"]
[BlackElo "2003"]
[Result "1-0"]
[Round "02"]
[TimeControl "180+1"]
[Date "2021.07.06"]
[WhiteClock "0:00:31"]
[BlackClock "0:00:14"]

1. Nf3 c5 2. c4 Nc6 3. Nc3 g6 4. e3 Bg7 5. d4 cxd4 6. exd4 d6 7. d5 Ne5 8. Nxe5 Bxe5 9. Bd3 h5 10. O-O h4 11. f4 Bd4+ 12. Kh1 h3 13. g3 Bg7 14. f5 gxf5 15. Bxf5 Bxf5 16. Rxf5 Nf6 17. Qd3 Qd7 18. Be3 Ng4 19. Raf1 Rf8 20. Bd4 Bxd4 21. Qxd4 Ne5 22. c5 f6 23. Ne4 O-O-O 24. cxd6 Kb8 25. dxe7 Qxe7 26. Nxf6 Ka8 27. Qxe5 Qc5 28. d6 Qc2 29. R5f2 Qc6+ 30. Qd5 Qa6 31. d7 Qb6 32. Ne4 Rxf2 33. Rxf2 Qb4 34. Rf1 Qxb2 35. Nc5 Qe2 36. Qxb7# 1-0


[Site "https://www.chess.com"]

[Event "Titled Tuesday Blitz July 6 2021"]
[White "Malka, Samuel"]
[Black "Zubritskiy, Artyom"]
[WhiteFideId "20643675"]
[BlackFideId "4181247"]
[WhiteElo "2459"]
[BlackElo "2559"]
[Result "0-1"]
[Round "02"]
[TimeControl "180+1"]
[Date "2021.07.06"]
[WhiteClock "0:00:14"]
[BlackClock "0:00:09"]

1. d4 f5 2. g3 Nf6 3. Bg2 g6 4. Nd2 Bg7 5. e4 fxe4 6. Nxe4 Nxe4 7. Bxe4 Nc6 8. c3 O-O 9. Qb3+ e6 10. Be3 d5 11. Bg2 Na5 12. Qc2 Nc4 13. Nf3 c6 14. O-O-O Qa5 15. a3 e5 16. dxe5 Bf5 17. Qb3 Bg4 18. Bf4 Bxf3 19. Bxf3 g5 20. Qxb7 gxf4 21. Qxc6 Kh8 22. Qxd5 Rac8 23. Qxa5 Nxa5 24. Bg4 Rce8 25. e6 fxg3 26. fxg3 Rf2 27. Rd2 Nb3+ 28. Kc2 Nxd2 29. Kd3 Nb3 30. Re1 Rxb2 31. e7 Bf6 32. Bh5 Rxe7 33. Rf1 0-1


[Site "https://www.chess.com"]

[Event "Titled Tuesday Blitz July 6 2021"]
[White "Martin, Lewis"]
[Black "Nitish Belurkar"]
[WhiteFideId "410551"]
[BlackFideId "5084768"]
[WhiteElo "2145"]
[BlackElo "2306"]
[Result "0-1"]
[Round "02"]
[TimeControl "180+1"]
[Date "2021.07.06"]
[WhiteClock "0:00:05"]
[BlackClock "0:01:25"]

1. e4 d5 2. exd5 Nf6 3. Nc3 Nxd5 4. Bc4 Nb6 5. Bb3 c5 6. d3 Nc6 7. Nge2 Bf5 8. O-O e6 9. Be3 Be7 10. Ng3 Bg6 11. f4 Nd4 12. Nce2 Bf6 13. Rb1 O-O 14. Kh1 Rc8 15. Bxd4 Bxd4 16. f5 exf5 17. Nxf5 Bf6 18. Neg3 c4 19. dxc4 Nxc4 20. c3 Nd2 21. Rc1 Nxf1 22. Qxf1 Qc7 23. Ne4 Qe5 24. Nh6+ Kh8 25. Nxf6 Qxf6 26. Qxf6 gxf6 27. Ng4 Kg7 28. Rf1 Rc6 29. Bd5 Rb6 30. b3 Rd8 31. c4 Ra6 32. a4 Rb6 33. Rf3 Be4 34. Rg3 Bxd5 35. Ne3+ Kf8 36. Nxd5 Re6 37. h4 a6 38. Kh2 Rd7 39. h5 b5 40. h6 f5 41. Rh3 bxc4 42. bxc4 Red6 43. Ne3 Rf6 44. Nd5 Rg6 45. Nf4 Rc6 46. Rc3 Rxh6+ 47. Kg3 Rc6 48. c5 Rd4 49. Ne2 Rd5 50. Rb3 Rdxc5 51. Rb8+ Kg7 52. Nd4 Rd6 53. Nf3 f4+ 54. Kxf4 Rc4+ 55. Kg3 Rxa4 56. Rb3 Ra5 57. Re3 Rb5 58. Re4 a5 59. Rg4+ Rg6 60. Nh4 Rxg4+ 61. Kxg4 0-1


[Site "https://www.chess.com"]

[Event "Titled Tuesday Blitz July 6 2021"]
[White "Martins, Igor Carvalho Ribeiro"]
[Black "Obregon, Andres Carlos"]
[WhiteFideId "2162962"]
[BlackFideId "111724"]
[WhiteElo "2532"]
[BlackElo "2572"]
[Result "0-1"]
[Round "02"]
[TimeControl "180+1"]
[Date "2021.07.06"]
[WhiteClock "0:00:28"]
[BlackClock "0:01:02"]

1. Nf3 Nf6 2. c4 e6 3. Nc3 d5 4. d4 Bb4 5. Bg5 O-O 6. e3 h6 7. Bxf6 Qxf6 8. Rc1 Nc6 9. a3 Bxc3+ 10. Rxc3 dxc4 11. Rxc4 e5 12. dxe5 Nxe5 13. Nxe5 Qxe5 14. Qd4 Qe7 15. Be2 Be6 16. Qc5 Qf6 17. Rc3 Rfd8 18. O-O Rd2 19. Bd3 c6 20. b4 Rd8 21. Be4 Rxf2 22. Bf3 Rxf1+ 23. Kxf1 Qh4 24. Qh5 Bc4+ 0-1


[Site "https://www.chess.com"]

[Event "Titled Tuesday Blitz July 6 2021"]
[White "Matinian, Nikita"]
[Black "Fernandez, Michael"]
[WhiteFideId "24129100"]
[BlackFideId "5803560"]
[WhiteElo "2410"]
[BlackElo "2110"]
[Result "0-1"]
[Round "02"]
[TimeControl "180+1"]
[Date "2021.07.06"]
[WhiteClock "0:00:02"]
[BlackClock "0:00:11"]

1. d4 b5 2. e4 Bb7 3. Nd2 b4 4. Ngf3 e6 5. c4 Nf6 6. Bd3 d6 7. O-O Be7 8. b3 O-O 9. Bb2 c5 10. d5 e5 11. g3 Nbd7 12. Nh4 Re8 13. Nf5 Bf8 14. f4 g6 15. Ne3 exf4 16. gxf4 Bg7 17. Qc2 Re7 18. Rae1 Qf8 19. Nf3 Rae8 20. Ng2 Bc8 21. e5 Nh5 22. e6 fxe6 23. dxe6 Nb6 24. Ng5 Bxb2 25. Qxb2 Qf6 26. Qxf6 Nxf6 27. f5 Kg7 28. Nh4 h6 29. fxg6 hxg5 30. Nf5+ Kf8 31. Nxd6 Kg7 32. Nxe8+ Rxe8 33. e7 Bg4 34. Re5 Nbd7 35. Rxg5 Rxe7 36. h4 Ne5 37. Bf5 Nf3+ 38. Kg2 Nxg5 39. hxg5 Bxf5 40. Rxf5 Ne4 41. Kf3 Kxg6 42. Kg4 Rd7 43. Re5 Rd4 44. Re6+ Nf6+ 45. Kf3 Kxg5 46. Rc6 Rd2 47. Rxc5+ Kg6 48. Ra5 Kf7 49. Rxa7+ Ke6 50. Ra6+ Ke5 51. Ke3 Rh2 52. Ra5+ Kd6 53. Kf4 Nd7 54. Ra6+ Kc5 55. Ra5+ Kc6 56. Ra4 Kc5 57. Ra7 Nb6 58. Ra5+ Kc6 59. Ke3 Rc2 60. Kd3 Rc3+ 61. Kd4 Rc2 62. Kd3 Rh2 63. Ra6 Rh3+ 64. Kd4 Rh4+ 65. Ke3 Rh3+ 66. Kd4 Rh2 67. Ra5 Kb7 68. c5 Nd7 0-1


[Site "https://www.chess.com"]

[Event "Titled Tuesday Blitz July 6 2021"]
[White "Mezentsev, Ivan"]
[Black "Baradaran, Arman"]
[WhiteFideId "13706195"]
[BlackFideId "880515"]
[WhiteElo "2295"]
[BlackElo "2132"]
[Result "1-0"]
[Round "02"]
[TimeControl "180+1"]
[Date "2021.07.06"]
[WhiteClock "0:01:24"]
[BlackClock "0:00:01"]

1. d4 d5 2. Nf3 Nf6 3. Bf4 e6 4. e3 c5 5. Nbd2 Nc6 6. c3 Bd6 7. Bg3 Qc7 8. dxc5 Bxg3 9. hxg3 e5 10. b4 Bg4 11. Be2 a5 12. a3 e4 13. Nd4 Ne5 14. Nb5 Qe7 15. Nd6+ Kf8 16. O-O h5 17. f3 exf3 18. gxf3 Bh3 19. Rf2 h4 20. g4 Nexg4 21. fxg4 Qxe3 22. Nf1 Bxf1 23. Bxf1 h3 24. Qf3 h2+ 25. Kh1 Qxf3+ 26. Rxf3 Nxg4 27. Rxf7+ Kg8 28. Bg2 Rf8 29. Rxf8+ Kxf8 30. Rf1+ Ke7 31. Bxd5 Ne3 32. Rf7+ Kd8 33. Be6 1-0


[Site "https://www.chess.com"]

[Event "Titled Tuesday Blitz July 6 2021"]
[White "Mikhalsky, Vladimir"]
[Black "Pruijssers, Roeland"]
[WhiteFideId "14144352"]
[BlackFideId "1013068"]
[WhiteElo "2280"]
[BlackElo "2545"]
[Result "0-1"]
[Round "02"]
[TimeControl "180+1"]
[Date "2021.07.06"]
[WhiteClock "0:00:21"]
[BlackClock "0:00:39"]

1. c4 f5 2. b3 e5 3. Bb2 d6 4. Nf3 Nf6 5. d4 e4 6. Nfd2 e3 7. fxe3 Ng4 8. Nf3 Nxe3 9. Qd3 f4 10. Qe4+ Qe7 11. Qxf4 Nc2+ 12. Kf2 Nxa1 13. Bxa1 g6 14. Nc3 c6 15. Ne4 Bf5 16. d5 Qxe4 17. Qxe4+ Bxe4 18. Bxh8 cxd5 19. Ng5 Bh6 20. h4 Nc6 21. cxd5 Bxd5 22. e4 Bg8 23. Bf6 Kd7 24. Kg3 Rf8 25. Bc3 Ne5 26. Bb5+ Ke7 27. Rf1 a6 28. Rxf8 Bxf8 29. Be2 Bg7 30. Nf3 Bf6 31. Nxe5 Bxe5+ 32. Bxe5 dxe5 33. Kf2 Kd6 34. Ke3 Kc5 35. Bg4 a5 36. Bc8 b6 37. Kd3 Kb4 38. Kc2 a4 39. Kb2 axb3 40. axb3 Bxb3 41. Bd7 Bd1 42. Kc1 Ba4 43. Be6 Bb3 44. Bd7 Kc3 45. g4 Bc4 46. h5 gxh5 47. gxh5 h6 48. Bf5 b5 49. Kb1 b4 50. Kc1 b3 51. Kb1 Bd3+ 52. Kc1 b2+ 0-1


[Site "https://www.chess.com"]

[Event "Titled Tuesday Blitz July 6 2021"]
[White "Mitrabha, Guha"]
[Black "Berezin, Viktor"]
[WhiteFideId "5057000"]
[BlackFideId "14107872"]
[WhiteElo "2334"]
[BlackElo "2310"]
[Result "1-0"]
[Round "02"]
[TimeControl "180+1"]
[Date "2021.07.06"]
[WhiteClock "0:01:40"]
[BlackClock "0:00:29"]

1. d4 Nf6 2. Nf3 e6 3. Bf4 g6 4. Nbd2 d6 5. e4 Bg7 6. Bd3 Nbd7 7. O-O b6 8. c3 Bb7 9. h3 O-O 10. Qe2 Qe7 11. Bh2 e5 12. dxe5 dxe5 13. Nc4 Nh5 14. Bc2 a5 15. a4 Ba6 16. b3 Rad8 17. Rfd1 Nf4 18. Qe3 Bh6 19. Qe1 Bxc4 20. bxc4 Nc5 21. Bg3 Nfd3 22. Bxd3 Nxd3 23. Qe2 Nf4 24. Bxf4 Bxf4 25. Rd5 c6 26. Rxd8 Rxd8 27. g3 Bh6 28. Rd1 Bg7 29. Rxd8+ Qxd8 30. c5 bxc5 31. Qc4 Qd6 32. Kg2 h5 33. h4 Kf8 34. Qa6 Qc7 35. Nd2 Bf6 36. Nc4 Bd8 37. Ne3 Ke7 38. Qc4 Qd6 39. Qb3 Qd3 40. Qb7+ Qd7 41. Qb8 f6 42. Qa8 Qc7 43. Qa6 Qd7 44. Qc4 Qd6 45. Qg8 Qd3 46. Qxg6 Qxc3 47. Nf5+ Kd7 48. Qf7+ Kc8 49. Nd6+ Kb8 50. Qb7# 1-0


[Site "https://www.chess.com"]